 Dungeon Crawl Stone Soup version 0.30-a0-368-g86fb4627a9 (webtiles) character file.

Game seed: 8962764840894739718

2475 Shayle the Fighter (level 9, -6/88 HPs)
             Began as a Naga Reaver on Nov 18, 2022.
             Was an Initiate of Ashenzari.
             Mangled by a wolf (9 damage)
             ... in a bailey.
             The game lasted 00:32:03 (7285 turns).

Shayle the Fighter (Naga Reaver)                    Turns: 7285, Time: 00:32:05

Health: -6/88      AC:  6    Str: 21    XL:     9   Next: 51%
Magic:  3/15       EV: 10    Int: 18    God:    Ashenzari [......]
Gold:   306        SH:  0    Dex:  9    Spells: 12/16 levels left

rFire   . . .      SeeInvis +    l - +0 long sword (venom)
rCold   + + .      Faith    .    (no shield)
rNeg    + . .      Spirit   .    m - +2 robe of Lightning Storm {rC+ rN+ Str+6}
rPois   +          Reflect  .    (no helmet)
rElec   .          Harm     .    (no cloak)
rCorr   .          Rampage  .    (no gloves)
Will    ++...                    (no barding)
Stlth   +++.......               (no amulet)
HPRegen 0.34/turn                d - ring of protection from cold
MPRegen 0.14/turn                j - ring of willpower

@: very slow
A: AC +3, large, see invisible, deformed body, poison resistance, slowness 2,
spit poison 1, naga tail 1
a: Spit Poison, Renounce Religion


You were in a bailey.
You worshipped Ashenzari.
Ashenzari was noncommittal.
You visited 2 branches of the dungeon, and saw 10 of its levels.
You also visited: Bailey.

You collected 306 gold pieces.

Inventory:

Hand Weapons
 a - a +1 hand axe
 i - a +1 rapier of speed
 l - a +0 long sword of venom (weapon)
 t - a +1 vampiric whip
Armour
 b - a +1 leather armour
 m - the +2 robe of Lightning Storm (worn) {rC+ rN+ Str+6}
   (You found it on level 2 of the Dungeon)

   Str:       It affects your strength (+6).
   rC:        It protects you from cold.
   rN:        It protects you from negative energy.
 w - a +0 kite shield
Jewellery
 d - a ring of protection from cold (left hand)
 j - a ring of willpower (right hand)
 q - a ring of fire
 r - an amulet of guardian spirit
 C - a +6 ring of strength
Wands
 y - a wand of charming (3)
 A - a wand of roots (6)
Scrolls
 f - a scroll of enchant weapon
 h - 4 scrolls of teleportation
 k - a scroll of immolation
 p - 3 scrolls of fog
 B - a scroll of vulnerability {unknown}
Potions
 c - 2 potions of mutation {unknown}
 e - a potion of berserk rage {unknown}
 n - a potion of might {unknown}
 o - a potion of brilliance {unknown}
 u - a potion of invisibility {unknown}
 x - 2 potions of lignification {unknown}
 z - a potion of ambrosia {unknown}


   Skills:
 + Level 8.0 Fighting
 - Level 3.0 Axes
 - Level 3.9 Dodging
 + Level 6.8 Stealth
 + Level 4.4 Spellcasting
 - Level 5.2 Conjurations
 - Level 4.1 Ice Magic


You had 12 spell levels left.
You knew the following spells:

 Your Spells              Type           Power      Damage    Failure   Level
a - Kiss of Death         Conj/Necr      52%        2d9       4%          1
b - Hailstorm             Conj/Ice       20%        3d6       6%          3

Your spell library contained the following spells:

 Spells                   Type           Power      Damage    Failure   Level
 Momentum Strike          Conj/Tloc      26%        3d8       7%          2
 Apportation              Tloc           8%         N/A       14%         1
 Alistair's Intoxication  Tmut/Pois      2%         N/A       98%         5


Dungeon Overview and Level Annotations

Branches:
Dungeon (9/15)             Temple (1/1) D:7          Bailey (1/1)
   Lair: D:8-11         Orc: D:9-12

Altars:
Ashenzari
Cheibriados
Elyvilon
Fedhas
Gozag
Hepliaklqana
Kikubaaqudgha
Makhleb
Nemelex Xobeh
Okawaru
Ru
Sif Muna
Uskayaw
Vehumet
Wu Jian
Xom
Yredelemnul
The Shining One

Shops:
D:2 :

Annotations:
D:8 Prince Ribbit


Innate Abilities, Weirdness & Mutations

Your serpentine skin is tough. (AC +3)
You have supernaturally acute eyesight. (SInv)
Armour fits poorly on your strangely shaped body.
Your system is resistant to poisons. (rPois)
You cover ground very slowly.
You can spit poison.
You have a snake-like lower body.


Message History

You hit the wolf but do no damage.
The wolf looks as sick as possible!
The wolf is moderately wounded.
The wolf bites you but does no damage. x2; The wolf bites you.
You miss the wolf.
The wolf is heavily wounded.
The wolf bites you. The wolf barely misses you.
You closely miss the wolf.
The wolf is severely wounded.
The wolf bites you. x3
You closely miss the wolf.
The wolf is severely wounded.
The wolf bites you but does no damage. The wolf bites you.
You closely miss the wolf.
The wolf is severely wounded.
You kill the wolf!
Your Fighting skill increases to level 8!
You hit the wolf but do no damage.
The wolf is poisoned.
The wolf bites you!
* * * LOW HITPOINT WARNING * * *
The wolf bites you!
* * * LOW HITPOINT WARNING * * *
You hit the wolf but do no damage.
The wolf looks as sick as possible!
The wolf barely misses you. The wolf bites you!
* * * LOW HITPOINT WARNING * * *
You feel better. The wolf bites you.
* * * LOW HITPOINT WARNING * * *
The wolf stops to sniff the ground.
The wolf barely misses you.
You completely miss the wolf.
The wolf is lightly wounded.
The wolf bites you.
* * * LOW HITPOINT WARNING * * *
The wolf bites you.
* * * LOW HITPOINT WARNING * * *
You hit the wolf.
The wolf looks as sick as possible!
The wolf is moderately wounded.
The wolf bites you.
* * * LOW HITPOINT WARNING * * *
The wolf stops to sniff the ground.
The wolf bites you!
You die...

### ♣∩♣ ♣.♣ ♣♣)♣♣
♣♣♣♣.).♣♣
♣♣.......♣♣♣♣
♣♣♣@h.........♣♣
♣♣...............
♣♣≈≈≈≈≈≈≈...≈≈≈≈≈≈
♣≈≈..))..†........
♣≈).......).......
♣≈.######'''######
♣≈.# #...# ♣≈##
#.))# ♣≈ #...#


You could see a wolf (extremely poisoned).

Vanquished Creatures
  Eustachio (D:4)
  Edmund (D:6)
  A water moccasin (D:6)
  2 sky beasts
  An ice beast (D:5)
  A black bear (D:5)
  An ogre (D:5)
  2 wolves (Bailey)
  2 scorpions
  A bullfrog (D:7)
  A necrophage (D:5)
  3 gnoll sergeants
  3 howler monkeys (D:7)
  6 hounds
  2 jellies (D:5)
  4 gnoll boudas (Bailey)
  4 orc priests
  3 iguanas
  2 orc wizards
  11 gnolls
  11 adders
  A worm (D:4)
  3 dart slugs
  21 orcs
  7 ball pythons
  12 endoplasms
  6 giant cockroaches
  10 goblins
  7 hobgoblins
  A jackal (D:4)
  6 kobolds
  4 quokkas
  4 bats
  3 frilled lizards (D:1)
  7 rats
155 creatures vanquished.

Vanquished Creatures (collateral kills)
  A hound (Bailey)
1 creature vanquished.

Vanquished Creatures (others)
  A gnoll bouda (Bailey)
  A goblin (D:7)
  4 fungi (D:1)
  A plant (D:1)
7 creatures vanquished.

Grand Total: 163 creatures vanquished

Notes
Turn   | Place    | Note
-------+----------+-------------------------------------------
     0 | D:1      | Shayle the Naga Reaver began the quest for the Orb.
     0 | D:1      | Reached XP level 1. HP: 19/19 MP: 3/3
   256 | D:1      | Reached XP level 2. HP: 3/27 MP: 5/5
   718 | D:1      | Reached XP level 3. HP: 32/33 MP: 6/6
  1074 | D:2      | Reached skill level 3 in Fighting
  1164 | D:2      | Found a sacrificial altar of Ru.
  1202 | D:2      | Reached XP level 4. HP: 40/42 MP: 7/7
  1507 | D:2      | Identified the +2 robe of Lightning Storm {rC+ rN+ Str+6}
  1786 | D:2      | Reached XP level 5. HP: 33/50 MP: 8/8
  1836 | D:2      | Reached skill level 4 in Fighting
  2011 | D:2      | Found Ysaxtuch's Book Shoppe.
  2126 | D:3      | Found a radiant altar of Vehumet.
  3213 | D:4      | Reached XP level 6. HP: 53/58 MP: 9/9
  3292 | D:4      | Learned a level 3 spell: Hailstorm
  3345 | D:4      | Noticed Eustachio
  3374 | D:4      | Killed Eustachio
  3375 | D:4      | Reached skill level 5 in Fighting
  3375 | D:4      | Reached skill level 1 in Ice Magic
  3375 | D:4      | Reached XP level 7. HP: 12/67 MP: 3/10
  4012 | D:5      | Entered Level 5 of the Dungeon
  4169 | D:5      | Found a snail-covered altar of Cheibriados.
  4414 | D:5      | Reached skill level 6 in Fighting
  4414 | D:5      | Reached XP level 8. HP: 76/76 MP: 5/11
  4555 | D:5      | HP: 3/76 [acid (8)]
  4893 | D:5      | Reached skill level 5 in Conjurations
  5975 | D:6      | Noticed Edmund
  5989 | D:6      | Killed Edmund
  5990 | D:6      | Reached skill level 7 in Fighting
  6216 | D:6      | You fall into a shaft and drop 3 floors!
  6221 | D:9      | Noticed a shadow
  6231 | D:9      | Found an ornate altar of the Wu Jian Council.
  6348 | D:8      | Noticed Prince Ribbit
  6403 | D:7      | Found a staircase to the Ecumenical Temple.
  6410 | Temple   | Entered the Ecumenical Temple
  6515 | Temple   | Became a worshipper of Ashenzari the Shackled
  6541 | D:7      | Reached XP level 9. HP: 64/86 MP: 13/13
  6569 | D:7      | Reached skill level 5 in Stealth
  6699 | D:7      | Found a flagged portal.
  6716 | Bailey   | Entered a bailey
  7281 | Bailey   | Reached skill level 8 in Fighting
  7285 | Bailey   | HP: 3/88 [wolf (6)]
  7285 | Bailey   | Mangled by a wolf

Illustrated notes

Levels and vault maps discovered:
D:1:      dpeg_arrival_water_fire, layout_loops_ring
D:2:      layout_loops_ring, serial_shops, nicolae_shop_behind_doors,
          basic_altar, minmay_fractal_squares_5
D:3:      layout_loops_ring, nicolae_vehumet_radiance
D:4:      minmay_opposing_rooms, layout_basic, uniq_eustachio
D:5:      layout_cave_pools, mainiacjoe_overflow_small_starburst
D:6:      kennysheep_windowed_halls, layout_gridville, uniq_edmund
D:7:      layout_cave_pools, minmay_temple_entry_proselytizer, enter_bailey_3,
          pf_guarded_unrand_woodcutter
D:8:      layout_gridville, uniq_amaemon, uniq_maggie, uniq_prince_ribbit1
D:9:      minmay_flawed_box, layout_stronghold, kennysheep_mini,
          nicolae_wu_jian_immortal_techniques, serial_bayou_lagoon_b, uniq_pikel
Temple:   nicolae_temple_bog_church
Bailey:   bailey_polearm_gnolls_kennysheep, bailey

Skill      XL: |  1  2  3  4  5  6  7  8  9 |
---------------+----------------------------+-----
Dodging        | 2 3 |  3.9
Fighting       | 3 4 5 6 7 8 |  8.0
Ice Magic      | 1 3 4 |  4.1
Conjurations   | 4 5 |  5.2
Stealth        | 4 6 |  6.8
Spellcasting   | 3 4 |  4.4
Axes           | |  3.0

Action                   |  1- 3 |  4- 6 |  7- 9 || total
-------------------------+-------+-------+-------++-------
Melee: Hand axe          |    78 |    58 |       ||   136
       Long sword        |       |    79 |   192 ||   271
       Punch             |       |     1 |     1 ||     2
Throw: Boomerang         |       |       |     1 ||     1
 Cast: Hailstorm         |       |     1 |    45 ||    46
       Kiss of Death     |       |       |     1 ||     1
 Abil: Spit Poison       |    34 |    42 |    48 ||   124
Evoke: Wand              |       |       |     6 ||     6
  Use: Scroll            |       |     9 |     4 ||    13
       Potion            |       |     2 |     4 ||     6
Armor: Leather armour    |    21 |    11 |       ||    32
       Robe              |       |    72 |    85 ||   157
Dodge: Dodged            |    46 |   130 |   143 ||   319

Table legend: (Time is in decaauts)
 A = Elapsed time spent in this place.
 B = Non-inter-level travel time spent in this place.
 C = Inter-level travel time spent in this place.
 D = Time resting spent in this place.
 E = Time spent auto-exploring this place.
 F = Levels seen in this place.
 G = Mean time per level.
                   A        B        C        D        E       F      G
               +--------+--------+--------+--------+--------+-----+--------+
         Total |   8910 |   8709 |    201 |   2012 |   4364 |  11 |  810.0 |
       Dungeon |   8119 |   7943 |    176 |   1654 |   4254 |   9 |  902.1 |
        Temple |    173 |    149 |     24 |      0 |    110 |   1 |  173.0 |
        Bailey |    617 |    617 |      0 |    358 |      0 |   1 |  617.0 |
               +--------+--------+--------+--------+--------+-----+--------+

Top non-repeatable levels by time:
     D:5: 1629 daAuts
     D:4: 1548 daAuts
     D:1: 1437 daAuts
     D:2: 1283 daAuts
     D:6: 876 daAuts
     D:3: 861 daAuts
  Bailey: 617 daAuts
     D:7: 243 daAuts
  Temple: 173 daAuts
     D:8: 123 daAuts
     D:9: 116 daAuts
